 Dungeon Crawl Stone Soup version 0.26.1-11-gd32895ea62 (webtiles) character file.

Game seed: 5943209251938128357

93 phalm the Conjurer (level 4, 5/33 HPs)
             Began as a Demonspawn Conjurer on June 24, 2021.
             Quit the game on level 1 of the Dungeon.
             The game lasted 00:03:27 (1887 turns).

phalm the Conjurer (Demonspawn Conjurer)            Turns: 1887, Time: 00:03:27

Health: 5/33       AC:  9    Str:  7    XL:     4   Next: 36%
Magic:  0/8        EV: 12    Int: 21    God:
Gold:   92         SH:  0    Dex: 11    Spells: 5/8 levels left

rFire    + . .     SeeInvis .   l - +0 short sword
rCold    . . .     Faith    .   (no shield)
rNeg     . . .     Spirit   .   a - +0 robe
rPois    .         Reflect  .   n - +0 helmet
rElec    .         Harm     .   (no cloak)
rCorr    .         Rampage  .   (no gloves)
Will     .....                  (no boots)
Stlth    ++........             (no amulet)
HPRegen  0.11/turn              (no ring)
MPRegen  0.11/turn              (no ring)

@: sanguine armour, slowed, very slow
A: claws 1, fire resistance 1, sanguine armour 1
a: no special abilities


You were on level 1 of the Dungeon.
You visited 1 branch of the dungeon, and saw 2 of its levels.

You collected 92 gold pieces.


Innate Abilities, Weirdness & Mutations

You have sharp fingernails.
Your flesh is heat resistant. (rF+)
When seriously injured, your bleeding wounds create armour. (AC +6)


   Skills:
 + Level 1.7 Fighting
 - Level 1.7 Dodging
 - Level 1.7 Stealth
 + Level 2.7 Spellcasting
 * Level 5.0 Conjurations


You had 5 spell levels left.
You knew the following spells:

 Your Spells              Type           Power        Failure   Level
m - Magic Dart            Conj           96%          1%          1
s - Searing Ray           Conj           48%          2%          2

Your spell library contained the following spells:

 Spells                   Type           Power        Failure   Level
 Dazzling Flash           Conj/Hex       26%          14%         3
 Fulminant Prism          Conj/Hex       6%           43%         4
 Iskenderun's Mystic Bla  Conj/Tloc      13%          43%         4

Inventory:

Hand Weapons
 l - a +0 short sword (weapon)
   (You took it off a kobold on level 1 of the Dungeon)
Missiles
 b - 17 sling bullets
 c - 20 bolts
 k - 4 stones
Armour
 a - a +0 robe (worn)
 n - a +0 helmet (worn)
   (You took it off Robin on level 2 of the Dungeon)
 o - a +0 buckler
   (You took it off a hobgoblin on level 2 of the Dungeon)
Scrolls
 e - 2 scrolls of teleportation {unknown}
 g - a scroll of identify {unknown}
 h - 2 scrolls of enchant weapon {unknown}
 j - a scroll of amnesia {unknown}
 m - a scroll of fear {unknown}
Potions
 d - a potion of curing {unknown}
 i - 2 potions of magic {unknown}

Dungeon Overview and Level Annotations

Branches:
Dungeon (2/15)

Altars:

Annotations:
D:2 Sigmund

####### ####.....#
#########......†.#
......[........†@#
##.#.####......g.#
#.#.# #####.....#
##.#.# #.......###
.....###.......#
#.....##.....^.#
#.....##.......#
......##.......#
......##.......#


You could see a hobgoblin.


Message History

You lost 2 mp, and now have 2/6 mp.
The searing ray hits Natasha.
Natasha zaps a wand.
The puff of flame hits you but does no damage.
Natasha zaps a wand.
The puff of flame hits you.
* * * LOW HITPOINT WARNING * * *
😨 HP[-3] MP[-1]
You take 3 damage, and now have 11/26 hp.
You lost 1 mp, and now have 1/6 mp.
The searing ray hits Natasha!
Natasha zaps a wand.
The puff of flame hits you!
* * * LOW HITPOINT WARNING * * *
The frilled lizard misses you.
The hobgoblin barely misses you. 😱 HP[-10] MP[-1]
You take 10 damage, and now have 1/26 hp.
MASSIVE DAMAGE!! (PAUSE)
You lost 1 mp, and now have 0/6 mp.
It was a potion of heal wounds.
You feel much better.
Your blood armour dries and flakes away.
Natasha howls an incantation.
Natasha glows brightly for a moment.
The frilled lizard misses you.
The hobgoblin hits you but does no damage.
The frilled lizard bites you but does no damage. 😕 HP[+23]
You regained 23 hp, and now have 24/26 hp.
The hobgoblin barely misses you.
Natasha hisses.
Natasha zaps a wand.
The puff of flame hits you!
Your blood congeals into armour.
The frilled lizard bites you but does no damage.
The hobgoblin hits you with a +0 club.
You climb upwards.
There is a stone staircase leading down here. 😮 HP[-9] MP[+1]
You take 9 damage, and now have 15/26 hp.
MASSIVE DAMAGE!! (PAUSE)
Casting: Searing Ray (safe; 3% risk of failure)
Confirm with . or Enter, or press ? or * to list all spells.
Aiming: Magic Dart (safe; 1% risk of failure)
Press: ? - help, Shift-Dir - straight line, f - frilled lizard
Aim: a frilled lizard (0% to evade)
The magic dart hits the frilled lizard.
You kill the frilled lizard!
Natasha mumbles some strange words.
Natasha's front paws start to glow.
Natasha casts a spell at you. The magic dart hits you.
* * * LOW HITPOINT WARNING * * *
The hobgoblin hits you with a +0 club.
* * * LOW HITPOINT WARNING * * *
Natasha closely misses you. 😨 HP[-8] MP[-1]
You take 8 damage, and now have 7/26 hp.
MASSIVE DAMAGE!! (PAUSE)
You lost 1 mp, and now have 0/6 mp.
You feel much better.
Your blood armour dries and flakes away.
The hobgoblin barely misses you.
Natasha stares at you and mumbles some strange words.
You feel as though you will be slow longer. 😕 HP[+18]
You regained 18 hp, and now have 25/26 hp.
You closely miss Natasha. The hobgoblin closely misses you. Natasha claws you.
The hobgoblin closely misses you. Natasha closely misses you. 😕 HP[-2]
You take 2 damage, and now have 23/26 hp.
You hit Natasha. Natasha barely misses you. The hobgoblin barely misses you.
You closely miss Natasha. Natasha claws you but does no damage.
The hobgoblin completely misses you. Natasha closely misses you.
The hobgoblin hits you but does no damage.
You hit Natasha but do no damage.
Natasha zaps a wand.
The puff of flame hits you!
* * * LOW HITPOINT WARNING * * *
Your blood congeals into armour.
The hobgoblin hits you but does no damage.
Natasha claws you!
* * * LOW HITPOINT WARNING * * *
😱 HP[-20] MP[+1]
You take 20 damage, and now have 3/26 hp.
MASSIVE DAMAGE!! (PAUSE)
Aiming: Magic Dart (safe; 1% risk of failure)
Press: ? - help, Q - select action, (/) - cycle Shift-Dir - straight line, f - Natasha
Aim: Natasha, carrying a wand of flame (20) (almost dead, 0% to evade)
The magic dart hits Natasha.
You kill Natasha!
Natasha yowls pathetically as she dies!
The hobgoblin barely misses you.
The hobgoblin hits you but does no damage.
Your Conjurations skill increases to level 5!
You have reached level 4!
You feel clever.
Your demonic ancestry asserts itself...
You feel resistant to heat. 😱 HP[+2] MP[-1]
You now have 33 max hp (+7).
You regained 2 hp, and now have 5/33 hp.
Are you sure you want to abandon this character and quit the game? (Confirm with "yes".)

Skill      XL: |  1  2  3 |
---------------+----------+-----
Fighting       | 1 |  1.7
Conjurations   | 5 |  5.0
Dodging        | |  1.7
Stealth        | |  1.7
Spellcasting   | |  2.7

Action                   |  1- 3 |  4- 6 || total
-------------------------+-------+-------++-------
Melee: Unarmed           |    13 |       ||    13
       Short sword       |    46 |       ||    46
 Cast: Magic Dart        |    80 |       ||    80
       Searing Ray       |     1 |       ||     1
  Use: Potion            |     2 |       ||     2
Armor: Robe              |    27 |       ||    27
Dodge: Dodged            |    71 |       ||    71

Levels and vault maps discovered:
D:1:      lemuel_arrival_hallway, layout_basic
D:2:      layout_rooms, uniq_sigmund, uniq_robin, uniq_natasha

Notes
Turn   | Place    | Note
-------+----------+-------------------------------------------
     0 | D:1      | phalm the Demonspawn Conjurer began the quest for the Orb.
     0 | D:1      | Reached XP level 1. HP: 13/13 MP: 3/3
     0 | D:1      | magus.rc [v1.9.10]
   144 | D:1      | HP: 2/13 [ooze (4)]
   487 | D:1      | Gained mutation: You have sharp fingernails. [demonic
                  | ancestry]
   487 | D:1      | Reached XP level 2. HP: 20/20 MP: 1/5
   854 | D:1      | Reached skill level 1 in Fighting
  1136 | D:2      | Noticed Sigmund
  1139 | D:2      | Gained mutation: When seriously injured, your bleeding
                  | wounds create armour. (AC +6) [demonic ancestry]
  1139 | D:2      | Reached XP level 3. HP: 26/26 MP: 3/6
  1286 | D:2      | Noticed Robin
  1349 | D:2      | Killed Robin
  1356 | D:1      | Learned a level 2 spell: Searing Ray
  1871 | D:2      | Noticed Natasha
  1876 | D:2      | HP: 1/26 [Natasha/puff of flame (10)]
  1885 | D:1      | HP: 3/26 [Natasha (9)]
  1886 | D:1      | Killed Natasha
  1887 | D:1      | Reached skill level 5 in Conjurations
  1887 | D:1      | Gained mutation: Your flesh is heat resistant. (rF+)
                  | [demonic ancestry]
  1887 | D:1      | Reached XP level 4. HP: 5/33 MP: 0/8
  1887 | D:1      | Quit the game

Vanquished Creatures
  Natasha (D:1)
  Robin (D:2)
  2 oozes
  2 leopard geckos
  5 bats
  2 giant cockroaches
  10 goblins
  5 hobgoblins
  2 jackals (D:1)
  3 kobolds (D:1)
  4 frilled lizards
  7 rats
44 creatures vanquished.

Table legend:
 A = Non-vault XP
 B = Vault XP
 C = Vault XP percentage of total XP
 D = Non-vault monster count
 E = Vault monster count
 F = Vault count percentage of total count
                 A         B        C        D         E       F
            +---------+---------+-------+---------+---------+-------
      Total |      63 |      70 |  52.6 |      33 |      11 |  25.0
            +---------+---------+-------+---------+---------+-------
        D:1 |      41 |      37 |  47.4 |      23 |       1 |   4.2
        D:2 |      22 |      33 |  60.0 |      10 |      10 |  50.0
            +---------+---------+-------+---------+---------+-------

Illustrated notes

Table legend:
 A = Kills in this place as a percentage of kills in entire the game.
 B = Kills by you in this place as a percentage of kills by you in the entire game.
 C = Kills by friends in this place as a percentage of kills by friends in the entire game.
 D = Other kills in this place as a percentage of other kills in the entire game.
 E = Experience gained in this place as a percentage of experience gained in the entire game.
 F = Experience gained in this place divided by the number of levels of this place that you have seen.
                   A       B       C       D       E      F
               +-------+-------+-------+-------+-------+----------------------
         Total | 100.0 | 100.0 |   N/A |   N/A | 100.0 |  66.5
       Dungeon | 100.0 | 100.0 |   N/A |   N/A | 100.0 |  66.5
               +-------+-------+-------+-------+-------+----------------------

Table legend: (Time is in decaauts)
 A = Elapsed time spent in this place.
 B = Non-inter-level travel time spent in this place.
 C = Inter-level travel time spent in this place.
 D = Time resting spent in this place.
 E = Time spent auto-exploring this place.
 F = Levels seen in this place.
 G = Mean time per level.
                   A        B        C        D        E       F      G
               +--------+--------+--------+--------+--------+-----+--------+
         Total |   1901 |   1794 |    107 |     88 |   1425 |   2 |  950.5 |
       Dungeon |   1901 |   1794 |    107 |     88 |   1425 |   2 |  950.5 |
               +--------+--------+--------+--------+--------+-----+--------+

Top non-repeatable levels by time:
     D:1: 1604 daAuts
     D:2: 297 daAuts
